Map: Orbital Depot

Players

skyra

  • Race: Protoss Protoss
  • League: Silver
  • Spawn Location: 3:00

TsTYirme

  • Race: Protoss Protoss
  • Spawn Location: 3:00

Morfi

  • Race: Protoss Protoss
  • League: Diamond
  • Spawn Location: 1:00

Loken - Winner!

  • Race: Zerg Zerg
  • League: Platinum
  • Spawn Location: 9:00

dallaskuken - Winner!

  • Race: Protoss Protoss
  • League: Platinum
  • Spawn Location: 9:00

TimeTwist - Winner!

  • Race: Zerg Zerg
  • Spawn Location: 7:00

VOD

Have the link to the VOD?

Description

Time

  • Played on: March 22, 2017, 6:32 a.m.
  • Length: 12:50
Show
View Real Time Build Order
Export as new Build Order

skyra Protoss 

Build Orders: Double Forge 

Get SALT Encoding   

  12  0:01  Probe (Chrono Boost)  
  13  0:12  Probe (Chrono Boost)  
  14  0:22  Probe (Chrono Boost)  
  15  0:33  Pylon  
  15  0:51  Probe (Chrono Boost)  
  15  0:55  Gateway  
  16  1:01  Forge  
  16  1:02  Probe (Chrono Boost)  
  17  1:10  Assimilator  
  17  1:13  Probe (Chrono Boost)  
  18  1:20  Assimilator  
  18  1:23  Probe (Chrono Boost)  
  19  1:34  Probe (Chrono Boost)  
  20  1:44  Probe (Chrono Boost)  
  21  1:49  Cybernetics Core  
  21  1:50  Pylon  
  21  1:55  Probe (Chrono Boost)  
  22  2:08  Zealot  
  24  2:20  Pylon  
  24  2:25  Warp Gate  
  24  2:26  Forge  
  24  2:28  Mothership Core (Chrono Boost)  
  26  2:35  Stalker  
  28  2:48  Pylon  
  28  2:53  Protoss Ground Weapons Level 1  
  28  3:18  Nexus  
  28  3:21  Pylon  
  28  3:56  Protoss Ground Armor Level 1  
  28  3:58  Gateway  
  28  3:59  Gateway  
  28  4:01  Gateway  
  28  4:28  Probe (Chrono Boost)  
  28  4:30  Probe (Chrono Boost)  
  31  4:38  Probe (Chrono Boost)  
  31  4:40  Probe (Chrono Boost)  
  32  4:46  Twilight Council  
  32  4:49  Probe (Chrono Boost)  
  32  4:51  Probe (Chrono Boost)  
  32  4:59  Probe (Chrono Boost)  
  33  5:02  Probe (Chrono Boost)  
  34  5:10  Probe (Chrono Boost)  
  34  5:11  Stalker x2  
  34  5:12  Stalker x2  
  43  6:07  Stalker x4  
  51  6:12  Probe x2 (Chrono Boost)  
  51  6:16  Assimilator  
  51  6:17  Protoss Ground Weapons Level 2, Protoss Ground Armor Level 2  
  53  6:20  Assimilator  
  53  6:21  Blink  
  53  6:22  Probe (Chrono Boost)  
  53  6:23  Probe (Chrono Boost)  
  55  6:33  Probe x2 (Chrono Boost)  
  55  6:37  Stargate  
  57  6:44  Probe x2 (Chrono Boost)  
  59  6:47  Stalker x2  
  60  6:54  Probe x2 (Chrono Boost)  
  51  7:21  Stalker x4  
  57  7:39  Mothership Core (Chrono Boost)  
  59  7:46  Stalker x3  
  65  8:22  Pylon  
  19  9:12  Stalker x2  
  19  9:13  Stalker x2  
Show
View Real Time Build Order
Export as new Build Order

TsTYirme Protoss 

Build Orders:  

Get SALT Encoding   

  12  0:02  Probe (Chrono Boost)  
  13  0:13  Probe (Chrono Boost)  
  14  0:23  Probe (Chrono Boost)  
  15  0:29  Pylon  
  15  0:47  Probe (Chrono Boost)  
  16  1:01  Probe (Chrono Boost)  
  17  1:07  Gateway  
  17  1:12  Pylon  
  17  1:17  Assimilator, Probe (Chrono Boost)  
  18  1:22  Assimilator  
  18  1:28  Probe (Chrono Boost)  
  19  1:38  Probe (Chrono Boost)  
  20  1:49  Probe (Chrono Boost)  
  21  1:56  Cybernetics Core  
  21  2:00  Zealot  
  23  2:15  Forge  
  23  2:23  Gateway  
  23  2:26  Warp Gate  
  23  2:27  Zealot  
  26  2:52  Probe (Chrono Boost)  
  26  2:56  Protoss Ground Weapons Level 1  
  26  2:59  Sentry  
  26  3:04  Probe (Chrono Boost)  
  29  3:09  Pylon  
  29  3:16  Probe (Chrono Boost)  
  30  3:27  Stalker  
  30  3:28  Pylon  
  30  3:32  Twilight Council  
  32  3:46  Probe (Chrono Boost)  
  33  3:52  Zealot  
  35  3:57  Stalker, Charge  
  37  4:40  Pylon  
  37  4:44  Robotics Facility  
  37  4:58  Zealot x2  
  41  5:08  Protoss Ground Armor Level 1  
  40  5:48  Observer  
  41  6:00  Zealot x2  
  45  6:10  Immortal  
  49  6:30  Nexus  
  49  6:38  Pylon  
  49  6:42  Stalker x2  
  53  6:55  Stargate  
  53  7:03  Protoss Shields Level 1  
  37  7:22  Zealot  
  37  7:23  Zealot  
  41  7:45  Probe (Chrono Boost)  
  43  7:51  Probe (Chrono Boost)  
  43  7:55  Probe (Chrono Boost)  
  44  8:00  Stalker x2  
  44  8:04  Probe (Chrono Boost)  
  49  8:06  Probe (Chrono Boost)  
  49  8:09  Immortal  
  54  8:16  Probe x2 (Chrono Boost)  
  57  8:27  Probe (Chrono Boost)  
  57  8:28  Probe (Chrono Boost)  
  57  8:30  Pylon  
  58  8:40  Probe (Chrono Boost)  
  63  8:48  Immortal  
  63  8:55  Phoenix  
  65  9:04  Stalker x2  
  69  9:20  Phoenix  
  65  9:45  Phoenix  
  65  9:54  Stalker x2  
  69  10:10  Phoenix  
  71  10:17  Assimilator  
  71  10:19  Assimilator  
  71  10:23  Pylon  
  71  10:24  Stalker x2  
  71  10:26  Pylon  
  75  10:29  Pylon  
  75  10:30  Gateway  
  75  10:31  Gateway  
  75  10:35  Phoenix, Gateway  
  77  10:40  Immortal  
  44  11:19  Immortal  
  46  11:27  Stalker x2  
  22  11:55  Stalker x2  
Show
View Real Time Build Order
Export as new Build Order

Morfi Protoss 

Build Orders: Dark Templar Rush 

Get SALT Encoding   

  12  0:00  Probe (Chrono Boost)  
  13  0:11  Probe (Chrono Boost)  
  14  0:22  Pylon  
  14  0:26  Probe (Chrono Boost)  
  15  0:40  Probe (Chrono Boost)  
  15  0:41  Gateway  
  16  0:43  Assimilator  
  16  0:49  Assimilator  
  16  0:50  Probe (Chrono Boost)  
  16  0:55  Forge  
  17  1:01  Probe (Chrono Boost)  
  18  1:06  Pylon  
  18  1:17  Probe (Chrono Boost)  
  19  1:28  Photon Cannon  
  19  1:32  Photon Cannon  
  19  1:36  Probe (Chrono Boost)  
  20  1:53  Cybernetics Core, Pylon  
  20  2:12  Photon Cannon  
  20  2:16  Photon Cannon, Pylon  
  20  2:18  Nexus  
  20  2:22  Probe (Chrono Boost)  
  21  2:24  Assimilator  
  21  2:34  Photon Cannon  
  21  2:35  Warp Gate  
  21  2:36  Pylon  
  21  2:44  Adept  
  22  2:50  Mothership Core (Chrono Boost)  
  24  2:55  Twilight Council  
  24  3:00  Pylon  
  24  3:03  Pylon  
  24  3:12  Probe (Chrono Boost)  
  25  3:19  Robotics Facility  
  25  3:24  Probe (Chrono Boost)  
  26  3:30  Probe (Chrono Boost)  
  26  3:33  Pylon  
  27  3:36  Probe (Chrono Boost)  
  27  3:40  Dark Shrine  
  27  3:41  Probe (Chrono Boost)  
  30  3:48  Probe (Chrono Boost)  
  30  3:51  Probe (Chrono Boost)  
  31  4:00  Gateway  
  31  4:03  Gateway  
  31  4:12  Gateway  
  31  4:14  Probe (Chrono Boost)  
  31  4:15  Probe (Chrono Boost)  
  33  4:23  Warp Prism  
  33  4:25  Probe (Chrono Boost)  
  33  4:26  Probe (Chrono Boost)  
  37  4:55  Probe (Chrono Boost)  
  37  4:56  Probe (Chrono Boost)  
  37  4:57  Assimilator  
  39  5:02  Assimilator  
  39  5:05  Immortal  
  39  5:10  Probe (Chrono Boost)  
  39  5:11  Probe (Chrono Boost), Robotics Bay  
  45  5:15  Dark Templar  
  47  5:25  Dark Templar  
  49  5:34  Probe (Chrono Boost)  
  49  5:35  Probe (Chrono Boost)  
  51  5:49  Dark Templar  
  53  5:50  Probe (Chrono Boost)  
  53  5:52  Probe (Chrono Boost)  
  55  5:57  Dark Templar  
  55  6:01  Probe (Chrono Boost)  
  55  6:04  Probe (Chrono Boost)  
  60  6:11  Probe (Chrono Boost)  
  60  6:12  Gateway  
  60  6:13  Gateway  
  60  6:15  Gateway  
  60  6:16  Probe (Chrono Boost)  
  61  6:18  Pylon  
  61  6:21  Protoss Ground Weapons Level 1  
  61  6:23  Gateway  
  61  6:33  Disruptor  
  64  6:47  Blink  
  54  6:51  Stalker x3  
  54  6:52  Stalker  
  62  7:20  Stalker x4  
  62  7:21  Stalker x3  
  76  7:43  Pylon, Nexus  
  76  7:44  Pylon  
  76  7:45  Pylon  
  76  7:46  Pylon  
  76  8:01  Disruptor  
  76  8:03  Gateway  
  76  8:04  Gateway  
  76  8:05  Pylon  
  79  8:36  Disruptor  
  79  8:40  Stalker x4  
  79  8:41  Stalker x3  
  92  9:08  Adept  
  92  9:09  Adept x4  
  102  9:12  Adept  
  100  9:28  Stalker  
  100  9:29  Stalker x2  
  93  9:47  Protoss Ground Weapons Level 2  
  93  9:59  Stalker x3  
  99  10:00  Stalker x5  
  99  10:01  Stalker  
  111  10:12  Probe (Chrono Boost)  
  111  10:13  Assimilator, Probe x2 (Chrono Boost)  
  114  10:14  Assimilator  
  114  10:16  Templar Archives  
  114  10:24  Stalker x4  
  114  10:25  Stalker x4  
  74  11:13  Psionic Storm  
  74  11:17  High Templar x2  
  74  11:18  High Templar  
  37  11:33  Stalker x3  
  37  11:34  Stalker x3  
  46  12:03  Pylon  
  46  12:04  Pylon  
  46  12:06  Pylon  
  40  12:32  Stalker x2  
  40  12:33  Stalker x4  
Show
View Real Time Build Order
Export as new Build Order

Loken Zerg - Winner!

Build Orders: Pool First 

Get SALT Encoding   

  12  0:01  Drone  
  13  0:13  Overlord  
  13  0:19  Drone  
  14  0:33  Drone x2  
  16  0:44  Drone  
  16  0:46  Drone  
  18  0:55  Spawning Pool  
  17  0:58  Drone  
  17  1:02  Extractor  
  17  1:12  Overlord  
  17  1:21  Drone  
  18  1:42  Queen  
  18  1:43  Drone  
  18  1:45  Zergling x2  
  22  2:04  Zergling x4  
  24  2:16  Extractor  
  24  2:17  Drone  
  24  2:21  Metabolic Boost  
  24  2:57  Drone x2  
  24  2:58  Drone x4  
  29  3:04  Lair  
  30  3:14  Overlord  
  30  3:34  Zergling x8  
  31  3:40  Overlord  
  34  3:48  Hatchery  
  31  4:10  Zergling x4  
  31  4:11  Zergling x6  
  35  4:17  Hatchery  
  35  4:21  Overlord  
  33  5:03  Queen  
  35  5:09  Drone  
  35  5:10  Drone x6  
  42  5:24  Spire  
  41  5:51  Spore Crawler  
  40  5:59  Spore Crawler  
  40  6:01  Spine Crawler  
  40  6:02  Spine Crawler, Queen  
  39  6:05  Zergling x2  
  39  6:06  Zergling x22  
  51  6:20  Infestation Pit  
  50  6:48  Drone  
  50  6:49  Drone x11  
  62  7:06  Hive  
  56  7:14  Zergling x2  
  56  7:15  Zergling x14  
  50  7:24  Extractor  
  50  7:28  Extractor  
  48  7:35  Zergling x22  
  59  7:51  Overlord x4  
  59  8:00  Evolution Chamber  
  59  8:02  Evolution Chamber  
  57  8:07  Zergling x10  
  57  8:08  Zergling x8  
  57  8:11  Overlord x3  
  66  8:30  Zergling x12  
  66  8:33  Adrenal Glands  
  71  8:35  Zerg Melee Weapons Level 1  
  71  8:36  Zerg Ground Armor Level 1  
  64  8:50  Zergling x2  
  64  8:51  Zergling x16  
  67  9:21  Mutalisk x7  
  81  9:34  Mutalisk x3  
  87  9:50  Mutalisk  
  87  9:51  Mutalisk x4  
  97  10:11  Zergling x2  
  97  10:12  Zergling x22  
  109  10:33  Zerg Melee Weapons Level 2, Zerg Ground Armor Level 2  
  95  11:53  Zergling x14  
  95  11:54  Zergling x44  
  107  11:55  Zergling x4  
  107  11:59  Overlord  
  121  12:01  Overlord  
  104  12:25  Zergling x6  
  104  12:26  Zergling x10  
Show
View Real Time Build Order
Export as new Build Order

dallaskuken Protoss - Winner!

Build Orders: Nexus First 

Get SALT Encoding   

  12  0:01  Probe (Chrono Boost)  
  13  0:11  Probe (Chrono Boost)  
  14  0:18  Pylon  
  14  0:38  Probe (Chrono Boost)  
  15  0:49  Probe (Chrono Boost)  
  16  1:01  Nexus  
  16  1:05  Probe (Chrono Boost)  
  17  1:15  Probe (Chrono Boost)  
  18  1:32  Probe (Chrono Boost)  
  19  1:37  Forge  
  19  1:42  Probe (Chrono Boost)  
  20  1:53  Probe (Chrono Boost)  
  21  1:57  Assimilator  
  21  2:01  Gateway  
  21  2:03  Probe (Chrono Boost)  
  22  2:10  Pylon  
  22  2:13  Probe (Chrono Boost)  
  23  2:21  Pylon  
  23  2:24  Probe (Chrono Boost)  
  24  2:55  Photon Cannon  
  24  2:56  Probe (Chrono Boost)  
  24  2:57  Photon Cannon  
  25  2:59  Probe (Chrono Boost)  
  25  3:02  Cybernetics Core  
  26  3:06  Probe (Chrono Boost)  
  26  3:09  Assimilator, Probe (Chrono Boost)  
  28  3:17  Photon Cannon, Probe (Chrono Boost)  
  28  3:18  Photon Cannon  
  30  3:20  Probe (Chrono Boost)  
  30  3:30  Probe (Chrono Boost)  
  31  3:41  Probe (Chrono Boost)  
  32  3:51  Probe (Chrono Boost)  
  33  3:58  Photon Cannon  
  33  4:00  Photon Cannon  
  33  4:02  Probe (Chrono Boost)  
  34  4:12  Probe (Chrono Boost)  
  34  4:17  Assimilator  
  35  4:19  Assimilator  
  35  4:23  Probe (Chrono Boost)  
  36  4:25  Stargate  
  36  4:32  Stargate  
  36  4:33  Probe (Chrono Boost)  
  37  4:44  Probe (Chrono Boost)  
  38  4:50  Pylon  
  38  4:55  Probe (Chrono Boost)  
  39  5:05  Probe (Chrono Boost)  
  40  5:16  Probe (Chrono Boost)  
  40  5:17  Void Ray  
  40  5:18  Void Ray  
  48  5:26  Probe (Chrono Boost)  
  42  6:03  Void Ray  
  42  6:04  Void Ray  
  49  6:20  Photon Cannon  
  49  6:21  Photon Cannon  
  49  6:24  Probe (Chrono Boost)  
  50  6:35  Probe (Chrono Boost)  
  51  6:46  Void Ray  
  55  6:54  Probe (Chrono Boost)  
  56  6:57  Void Ray  
  60  7:04  Probe (Chrono Boost)  
  60  7:06  Assimilator  
  61  7:15  Probe (Chrono Boost)  
  62  7:34  Pylon  
  62  7:35  Pylon  
  62  7:38  Fleet Beacon  
  62  7:52  Probe (Chrono Boost)  
  63  8:02  Probe (Chrono Boost)  
  64  8:08  Void Ray  
  64  8:09  Void Ray  
  72  8:13  Pylon, Probe (Chrono Boost)  
  72  8:15  Pylon  
  72  8:18  Photon Cannon  
  73  8:20  Photon Cannon  
  73  8:24  Probe (Chrono Boost)  
  73  8:25  Photon Cannon  
  74  8:27  Photon Cannon  
  75  8:34  Probe (Chrono Boost)  
  75  9:14  Carrier x2  
  83  10:03  Pylon  
  83  10:04  Pylon  
  83  10:07  Pylon  
  83  10:23  Protoss Air Weapons Level 1  
  83  10:28  Mothership Core (Chrono Boost)  
  85  10:35  Protoss Shields Level 1  
  85  10:40  Carrier x2  
  69  11:37  Stargate  
  69  11:41  Stargate  
  69  11:43  Stargate  
  69  11:58  Nexus  
Show
View Real Time Build Order
Export as new Build Order

TimeTwist Zerg - Winner!

Build Orders: Hatch First 

Get SALT Encoding   

  12  0:01  Drone  
  13  0:13  Overlord  
  13  0:17  Drone  
  14  0:42  Hatchery  
  13  0:51  Spawning Pool, Drone  
  13  0:55  Drone  
  13  0:56  Drone  
  15  1:05  Drone  
  16  1:27  Drone x2  
  19  1:42  Zergling x2  
  20  1:47  Hatchery  
  20  1:49  Queen, Extractor  
  20  1:51  Hatchery, Overlord  
  20  2:01  Drone  
  20  2:08  Drone  
  21  2:25  Zergling x2  
  22  2:44  Drone  
  22  2:45  Drone  
  22  2:46  Queen  
  22  2:50  Extractor  
  25  2:59  Queen  
  25  3:00  Drone  
  28  3:10  Queen  
  28  3:12  Drone x2  
  32  3:13  Drone  
  32  3:16  Drone x2  
  32  3:18  Drone x3  
  38  3:21  Drone x2  
  38  3:22  Metabolic Boost  
  40  3:48  Spore Crawler  
  39  3:50  Spore Crawler  
  39  3:52  Drone x2  
  40  4:04  Drone  
  40  4:07  Drone  
  42  4:11  Overlord x2  
  42  4:15  Overlord x2  
  42  4:22  Lair  
  42  4:26  Extractor  
  42  4:28  Extractor  
  40  4:33  Roach Warren  
  38  4:46  Drone x3  
  38  4:47  Drone x2  
  43  4:58  Drone x3  
  43  4:59  Drone x6  
  52  5:02  Overlord x2  
  52  5:19  Drone x4  
  56  5:27  Glial Reconstitution  
  60  5:28  Roach x3  
  60  5:29  Roach x7  
  60  5:31  Burrow  
  60  5:32  Roach x3  
  60  5:33  Roach  
  84  5:49  Hatchery  
  83  6:12  Overseer  
  82  6:31  Hydralisk Den  
  81  6:35  Evolution Chamber  
  81  6:40  Hatchery  
  81  6:45  Overlord x2  
  81  6:46  Overlord x2  
  84  6:47  Roach x4  
  80  7:11  Roach, Hydralisk x2  
  80  7:12  Roach x3, Hydralisk x6  
  80  7:13  Hydralisk x2  
  106  7:31  Muscular Augments  
  106  7:33  Zerg Ground Armor Level 1  
  106  7:35  Evolution Chamber  
  105  7:56  Queen  
  105  7:57  Drone  
  108  8:00  Roach  
  108  8:01  Roach x2  
  114  8:11  Drone  
  115  8:13  Spore Crawler  
  115  8:15  Drone  
  115  8:16  Extractor  
  115  8:17  Extractor  
  113  8:22  Roach x3  
  113  8:23  Roach x4  
  127  8:29  Zerg Missile Weapons Level 1  
  127  8:41  Overlord  
  127  8:42  Overlord x2  
  123  8:59  Hydralisk  
  123  9:00  Hydralisk x4  
  123  9:02  Roach x3, Zergling x2  
  140  9:03  Roach  
  140  9:21  Hydralisk x2  
  140  9:22  Hydralisk x2  
  106  9:32  Overseer  
  106  9:52  Infestation Pit, Drone x2  
  107  9:58  Overseer  
  107  10:02  Hydralisk x6  
  115  10:43  Hive  
  99  11:10  Hydralisk  
  99  11:11  Hydralisk x4  
  97  11:12  Roach x2  
  97  11:13  Roach x7  
  103  11:34  Roach  
  103  11:35  Roach x6  
  111  12:18  Overlord x3  
  111  12:31  Hatchery  
Tags
 
Add a new tag
Caveats
  • Supply blocks, unpowered buildings, or Contaminate may cause inaccurate times.
  • Supply counts are checked every 10 seconds.